 Dungeon Crawl Stone Soup version 0.17-a0-725-gfa8c127 (webtiles) character file.

351 Raurakos the Sneak (level 6, -4/30 HPs)
             Began as a Vine Stalker Assassin on Apr 20, 2015.
             Shot with a poisoned arrow by a centaur (9 damage)
             ... on level 5 of the Dungeon.
             The game lasted 00:12:09 (3455 turns).

Raurakos the Sneak (Vine Stalker Assassin)          Turns: 3455, Time: 00:12:09

Health: -4/30      AC:  5    Str: 13    XL:     6   Next: 61%
Magic:  0/7        EV: 11    Int: 11    God:
Gold:   138        SH:  0    Dex: 18    Spells: 1 memorised, 4 levels left

rFire  . . .     SeeInvis .     a - +3 dagger
rCold  + + .     Clarity  .     C - +2 leather armour {rC+}
rNeg   . . .     SustAb   .     (no shield)
rPois  .         Gourm    .     (no helmet)
rElec  .         Spirit   +     d - +0 cloak
rCorr  .         Warding  .     (no gloves)
rMut   .         Stasis   .     (no boots)
MR     .....                    (no amulet)
Stlth  +++.......               t - ring of protection from cold
                                v - -2 ring of protection (curse)

@: lethally poisoned (-4 -> -4), very slightly contaminated, not resistant to
hostile enchantments, fairly stealthy
A: fangs 2, regeneration 2, shaggy fur 1, magic shield, antimagic bite, no
device heal 3, rot immunity
a: no special abilities


You were on level 5 of the Dungeon.
You were not hungry.

You visited 1 branch of the dungeon, and saw 5 of its levels.

You collected 138 gold pieces.

Inventory:

Hand weapons
 a - a +3 dagger (weapon)
 b - a +0 blowgun
Missiles
 e - 23 poisoned needles
 f - 2 curare-tipped needles
 l - 14 stones (quivered)
Armour
 d - a +0 cloak (worn)
 C - a +2 leather armour of cold resistance (worn)
Jewellery
 k - an uncursed ring of teleportation
 t - a ring of protection from cold (right hand)
 v - a cursed -2 ring of protection (left hand)
 w - a cursed ring of loudness {unknown}
 A - an uncursed ring of poison resistance {unknown}
Magical devices
 c - a wand of disintegration (18)
 y - a wand of magic darts (18)
 z - a wand of lightning (9)
 B - a wand of digging (12)
Scrolls
 j - a scroll of magic mapping
 u - a scroll of teleportation
 D - a scroll of immolation {unknown}
 G - a scroll of identify
Potions
 h - 2 potions of brilliance
 m - 2 potions of invisibility
 n - 2 potions of poison {unknown}
 p - a potion of restore abilities {unknown}
 q - a potion of curing
 x - a potion of magic {unknown}
 F - a potion of beneficial mutation {unknown}
Books
 r - a book of Cantrips

   Spells                             Type                      Level
   a - Corona                         Hexes                        1
   b - Animate Skeleton               Necromancy                   1
   c - Summon Small Mammal            Summoning                    1
   d - Apportation                    Translocation                1
Comestibles
 g - 5 bread rations
 i - a slice of pizza
 o - a meat ration
 s - 2 royal jellies
 E - 4 chunks of flesh


   Skills:
 - Level 1.7 Fighting
 - Level 5.6 Short Blades
 - Level 1.7 Throwing
 - Level 0.7 Dodging
 + Level 6.1 Stealth


You had 4 spell levels left.
You knew the following spells:

 Your Spells              Type           Power        Failure   Level  Hunger
a - Apportation           Tloc           #.........   45%         1    ##.....


Dungeon Overview and Level Annotations

Branches:
Dungeon (5/15)
 Temple: D:4-7

Altars:
Makhleb
Qazlal
Sif Muna


Innate Abilities, Weirdness & Mutations

You have extremely sharp teeth.
You heal very quickly.
You are covered in fur (AC +1).
When hurt, damage is shared between your health and your magic reserves.
Your bite disrupts and absorbs the magic of your enemies.
Potions and wands cannot restore your health.
You are immune to rotting.


Message History

You feel sick. The centaur hits you.
* * * LOW HITPOINT WARNING * * *
Drink which item? (? for menu, Esc to quit)
Okay, then.
You feel sick.
The centaur wields an uncursed shortbow.
The centaur shoots a poisoned arrow.
You feel sick.
The centaur shoots a poisoned arrow.
Found 19 stones.
The helpless quokka skeleton fails to defend itself.
You stick the quokka skeleton like a pincushion!!!
You destroy the quokka skeleton!
You flicker for a moment.
You feel sick.
The centaur shoots a poisoned arrow.
The centaur shoots a poisoned arrow. x2
You flicker back into view.
You feel sick.
The centaur shoots a poisoned arrow.
The poisoned arrow hits you!
You die...

. ... # ... . #.#.# #.#.##
..... #.#.# ### #######.#(#
..# #.@.....(.###### #.#
####.#####c........ #.#
..##.# #..####### #.#
#.##.#####..### #.#
#.##.##...$...# #.##
#####†##.##.##..#.#
#.##.###.....((....#.c.#.#
..##.........##.###...(..#
..##.........##..(.....#....


You could see a centaur.

Vanquished Creatures
  Eustachio (D:4)
  Blork the orc (D:5)
  A giant frog skeleton (D:5)
  A worker ant (D:3)
  2 adders
  An ooze (D:4)
  2 giant geckos
  4 orcs
  A ball python (D:2)
  4 giant cockroaches
  8 hobgoblins
  5 kobolds
  2 quokkas (D:4)
  10 bats
  5 giant newts
  12 goblins
  2 quokka skeletons (D:5)
  8 rats
70 creatures vanquished.

Notes
Turn   | Place    | Note
--------------------------------------------------------------
     0 | D:1      | Raurakos, the Vine Stalker Assassin, began the quest for the Orb.
     0 | D:1      | Reached XP level 1. HP: 11/11 MP: 2/2
   189 | D:1      | Reached skill level 5 in Stealth
   189 | D:1      | Reached XP level 2. HP: 12/15 MP: 3/3
   724 | D:1      | Reached XP level 3. HP: 18/18 MP: 4/4
  1414 | D:2      | Found a stormy altar of Qazlal.
  1498 | D:3      | Found a burning altar of Makhleb.
  1517 | D:3      | Learned a level 1 spell: Apportation
  1737 | D:3      | Reached XP level 4. HP: 7/23 MP: 5/5
  2181 | D:4      | Noticed Eustachio
  2849 | D:4      | Found a deep blue altar of Sif Muna.
  3048 | D:4      | Killed Eustachio
  3048 | D:4      | Reached skill level 5 in Short Blades
  3048 | D:4      | Reached XP level 5. HP: 22/26 MP: 6/6
  3048 | D:4      | Gained mutation: You heal very quickly. [Vine Stalker growth]
  3048 | D:4      | Reached XP level 6. HP: 25/30 MP: 7/7
  3201 | D:5      | Entered Level 5 of the Dungeon
  3242 | D:5      | Noticed Blork the orc
  3245 | D:5      | Killed Blork the orc
  3245 | D:5      | Reached skill level 6 in Stealth
  3441 | D:5      | HP: 1/30 [poisoned by a centaur]
  3455 | D:5      | Shot with a poisoned arrow by a centaur

Action                   |  1- 3 |  4- 6 || total
-------------------------+-------+-------++-------
Melee: Dagger            |   114 |    51 ||   165
 Fire: Blowgun           |       |    20 ||    20
Throw: Stone             |     1 |     4 ||     5
  Use: Scroll            |     8 |     2 ||    10
       Potion            |     1 |     2 ||     3
 Stab: Sleeping          |    10 |    13 ||    23
  Eat: Chunk             |     2 |     4 ||     6
       Pizza             |       |     1 ||     1
